 Dungeon Crawl Stone Soup version 0.26.0-11-g8f856b5395 (webtiles) character file.

Game seed: 13188097891340019855

2172 Acheron the Ruffian (level 9, -2/80 HPs)
             Began as a Troll Fire Elementalist on Jan 15, 2021.
             Slain by Joseph
             ... wielding a +1 vorpal quarterstaff
              (10 damage)
             ... on level 7 of the Dungeon.
             The game lasted 00:30:46 (5068 turns).

Acheron the Ruffian (Troll Fire Elementalist)       Turns: 5068, Time: 00:30:47

Health: -2/80      AC:  7    Str: 18      XL:     9   Next: 11%
Magic:  11/11      EV:  9    Int: 17      God:
Gold:   311        SH:  9    Dex: 12 (13) Spells: 10/12 levels left

rFire    . . .     SeeInvis .     - Unarmed
rCold    . . .     Faith    .   k - +1 kite shield
rNeg     . . .     Spirit   .   a - +0 robe
rPois    .         Reflect  .   (helmet restricted)
rElec    .         Harm     .   x - +0 cloak
rCorr    .         Rampage  .   (gloves unavailable)
Will     .....                  (boots unavailable)
Stlth    ++........             (no amulet)
HPRegen  0.63/turn              z - ring of wizardry
MPRegen  0.12/turn              u - +6 ring of intelligence

@: no status effects
A: large, unfitting armour, claws 3, regeneration 1, shaggy fur 1, tough skin 3
a: no special abilities


You were on level 7 of the Dungeon.
You visited 2 branches of the dungeon, and saw 9 of its levels.

You collected 311 gold pieces.

Inventory:

Hand Weapons
 r - a +1 flail of protection
 w - a +0 rapier
 B - a +1 war axe of flaming
Missiles
 c - 19 poisoned darts
 d - 116 stones
 n - 8 boomerangs (quivered)
Armour
 a - a +0 robe (worn)
 k - a +1 kite shield (worn)
 x - a +0 cloak (worn)
Jewellery
 p - an uncursed ring of stealth
 q - an uncursed ring of protection from fire
 u - a +6 ring of intelligence (right claw)
 z - a ring of wizardry (left claw)
 A - an uncursed ring of positive energy
Wands
 m - a wand of acid (2)
Scrolls
 e - 2 scrolls of magic mapping
 f - 3 scrolls of teleportation
 g - 5 scrolls of identify
 h - 3 scrolls of amnesia
 v - a scroll of immolation
 y - a scroll of blinking
 D - a scroll of enchant armour
Potions
 b - a potion of might {unknown}
 i - a potion of cancellation {unknown}
 j - 2 potions of attraction {unknown}
 l - a potion of degeneration {unknown}
 o - a potion of lignification
 s - 3 potions of resistance
 t - a potion of berserk rage {unknown}
 C - 2 potions of invisibility {unknown}


   Skills:
 * Level 2.4 Fighting
 * Level 2.1 Throwing
 * Level 3.8 Dodging
 * Level 2.2 Stealth
 * Level 2.8 Shields
 * Level 6.2 Unarmed Combat
 * Level 2.2 Spellcasting
 - Level 2.1 Conjurations
 + Level 3.1 Fire Magic
 * Level 1.7 Earth Magic
 * Level 1.9 Evocations


You had 10 spell levels left.
You knew the following spells:

 Your Spells              Type           Power        Failure   Level
a - Foxfire               Conj/Fire      40%          10%         1
b - Sandblast             Erth           16%          13%         1

Your spell library contained the following spells:

 Spells                   Type           Power        Failure   Level
 Conjure Flame            Conj/Fire      10%          26%         3
 Passwall                 Tmut/Erth      3%           28%         2
 Stone Arrow              Conj/Erth      16%          34%         3
 Inner Flame              Hex/Fire       7%           38%         3
 Sticky Flame             Conj/Fire      10%          65%         4
 Petrify                  Tmut/Erth      4%           86%         4
 Fireball                 Conj/Fire      5%           92%         5
 Lee's Rapid Deconstruct  Erth           4%           97%         5


Dungeon Overview and Level Annotations

Branches:
Dungeon (8/15)             Temple (1/1) D:5
   Lair: D:8-11

Altars:
Ashenzari
Cheibriados
Dithmenos
Elyvilon
Fedhas
Gozag
Hepliaklqana
Kikubaaqudgha
Makhleb
Nemelex Xobeh
Okawaru
Qazlal
Sif Muna
Uskayaw
Wu Jian
Xom
Yredelemnul

Annotations:
D:7 Joseph, Maggie


Innate Abilities, Weirdness & Mutations

You are too large for most types of armour.
You have claws for hands.
Your natural rate of healing is unusually fast.
You are covered in fur. (AC +1)
You have extremely tough skin. (AC +3)


Message History

Joseph hits you with a +1 vorpal quarterstaff!
* * * LOW HITPOINT WARNING * * *
x2 You claw Joseph!
Joseph is severely wounded.
You barely miss Joseph.
Joseph is severely wounded.
You block Joseph's attack.
Your shield prevents you from hitting Joseph.
Joseph is severely wounded.
Joseph hits you with a +1 vorpal quarterstaff!
* * * LOW HITPOINT WARNING * * *
x2 Evoke which item? (* to show all) (? for menu, Esc to quit)
Aiming: Corrosive Bolt
Press: ? - help, Shift-Dir - straight line, f/p - Joseph
Aim: Joseph, wielding a +1 vorpal quarterstaff, wearing a +0 leather armour and quivering 10 sling bullets (severely wounded, 29% to evade)
The bolt of acid hits Joseph!
Joseph is splashed with acid.
The acid corrodes Joseph!
Joseph is almost dead.
Joseph hits you with a +1 vorpal quarterstaff!
You die...

##..#
#####.#.##
##.#
#..### #.#
#.## #.##
#.# #(.#
#.# ##(#
#.# #(#
#.# #(#
#.# #@#
#.# ###
#@#
#.#####..
#.#
#........
..#
#######.#
### #.#
#.. ###


You could see Joseph (corroded).

Vanquished Creatures
  Sigmund (D:3)
  Eustachio (D:6)
  Duvessa (D:6)
  A sky beast (D:8)
  2 ogres
  A phantom (D:5)
  2 black bears
  A centaur (D:6)
  A bullfrog (D:6)
  Dowan (D:6)
  A water moccasin skeleton (D:6)
  A scorpion (D:6)
  A bullfrog zombie (D:6)
  A hound (D:3)
  2 jellies (D:5)
  A quasit (D:7)
  An orc priest (D:3)
  A gnoll shaman (D:6)
  4 orc wizards
  2 bullfrog skeletons (D:5)
  An iguana (D:4)
  4 worker ants
  A killer bee zombie (D:5)
  2 worker ant zombies
  10 gnolls
  14 adders
  A shadow imp (D:6)
  An adder skeleton (D:6)
  6 worms
  4 dart slugs
  4 leopard geckos
  23 orcs
  7 bats
  3 giant cockroaches
  7 goblins
  6 hobgoblins
  4 jackals
  2 quokkas
  A ball python (D:1)
  7 frilled lizards
  A jackal skeleton (D:4)
  8 kobolds
  8 rats
152 creatures vanquished.

Notes
Turn   | Place    | Note
-------+----------+-------------------------------------------
     0 | D:1      | Acheron the Troll Fire Elementalist began the quest for the
                  | Orb.
     0 | D:1      | Reached XP level 1. HP: 16/16 MP: 1/1
   131 | D:1      | Reached XP level 2. HP: 24/24 MP: 3/3
   524 | D:1      | Reached XP level 3. HP: 31/31 MP: 4/4
   548 | D:1      | Reached skill level 1 in Unarmed Combat
  1012 | D:2      | Reached skill level 1 in Conjurations
  1012 | D:2      | Reached XP level 4. HP: 40/40 MP: 5/5
  1157 | D:2      | Reached skill level 2 in Unarmed Combat
  1442 | D:4      | Noticed an ogre
  1462 | D:4      | Reached XP level 5. HP: 42/46 MP: 6/6
  1529 | D:4      | Killed an ogre
  1530 | D:4      | Reached skill level 1 in Fighting
  1530 | D:4      | Reached skill level 3 in Unarmed Combat
  1539 | D:4      | Reached XP level 6. HP: 29/55 MP: 7/7
  1786 | D:3      | Noticed Sigmund
  1834 | D:3      | Killed Sigmund
  1835 | D:3      | Reached skill level 1 in Throwing
  1835 | D:3      | Reached skill level 1 in Shields
  1835 | D:3      | Reached XP level 7. HP: 14/62 MP: 8/8
  2634 | D:5      | Entered Level 5 of the Dungeon
  2754 | D:5      | Found a broken altar of Ashenzari.
  2779 | D:5      | Reached skill level 4 in Unarmed Combat
  2901 | D:5      | Reached skill level 1 in Evocations
  2967 | D:5      | Learned a level 1 spell: Sandblast
  3282 | D:5      | Found a staircase to the Ecumenical Temple.
  3290 | Temple   | Entered the Ecumenical Temple
  3613 | D:4      | Reached XP level 8. HP: 72/72 MP: 9/9
  3989 | D:6      | Found a stormy altar of Qazlal.
  4071 | D:7      | Noticed Maggie
  4105 | D:6      | Reached skill level 5 in Unarmed Combat
  4105 | D:6      | Reached skill level 1 in Earth Magic
  4240 | D:6      | Noticed Eustachio
  4308 | D:6      | Killed Eustachio
  4381 | D:6      | Noticed Duvessa
  4405 | D:6      | Noticed Dowan
  4407 | D:6      | Killed Duvessa
  4409 | D:6      | Killed Dowan
  4832 | D:6      | Reached skill level 6 in Unarmed Combat
  4897 | D:8      | Reached XP level 9. HP: 80/80 MP: 11/11
  5053 | D:7      | Noticed Joseph
  5068 | D:7      | Slain by Joseph

Illustrated notes

Levels and vault maps discovered:
D:1:      saegor_arrival_simple_d, layout_loops_corners, minmay_fountain_box
D:2:      layout_loops_ring, chequers_serial_rivers_micro_b, minmay_heptomino_d4
D:3:      layout_basic, uniq_sigmund
D:4:      layout_rooms
D:5:      layout_basic, ashenzari_altar_1, minmay_temple_entry_glassed_door,
          chequers_serial_rivers_micro_a
D:6:      cheibrodos_iron_armory, layout_gridville, basic_altar,
          minmay_diced_spiral, uniq_eustachio, uniq_duvessa
D:7:      layout_loops_corners, gammafunk_temple_overflow_claw, uniq_joseph,
          uniq_maggie
D:8:      layout_loops_cross, nicolae_ru_great_annihilating_truth
Temple:   eino_temple_rhombus

Skill      XL: |  1  2  3  4  5  6  7  8 |
---------------+-------------------------+-----
Unarmed Combat | 1 2 3 4 6 |  6.2
Dodging        | 2 3 |  3.8
Conjurations   | 1 2 |  2.1
Fighting       | 1 2 |  2.4
Throwing       | 1 2 |  2.1
Shields        | 1 2 |  2.8
Evocations     | 1 |  1.9
Fire Magic     | 3 |  3.1
Spellcasting   | 2 |  2.2
Earth Magic    | 1 |  1.7
Stealth        | 2 |  2.2

Action                   |  1- 3 |  4- 6 |  7- 9 || total
-------------------------+-------+-------+-------++-------
Melee: Unarmed           |   103 |   143 |   375 ||   621
Throw: Boomerang         |       |    10 |    11 ||    21
Evoke: Wand              |       |     2 |     4 ||     6
  Use: Scroll            |       |     7 |     8 ||    15
       Potion            |       |       |     3 ||     3
 Stab: Sleeping          |     4 |     1 |     5 ||    10
Armor: Robe              |    33 |    59 |   129 ||   221
Dodge: Dodged            |    53 |    39 |   152 ||   244
Block: Kite shield       |     5 |    53 |   191 ||   249
